 Dungeon Crawl Stone Soup version 0.28-a0-1128-gb845255321 (webtiles) character file.

Game seed: 8763005208301666951

0 GordonOverkill the Skirmisher (level 1, -2/20 HPs)
             Began as a Djinni Berserker on Dec 12, 2021.
             Was a Follower of Trog.
             Engulfed by a cloud of flame (9 damage)
             ... on level 1 of the Dungeon.
             The game lasted 00:01:00 (806 turns).

GordonOverkill the Skirmisher (Djinni Berserker)     Turns: 806, Time: 00:01:01

Health: -2/20      AC:  2    Str: 16    XL:     1   Next: 0%
Gold:   30         EV: 12    Int:  8    God:    Trog [*.....] SH:  0 Dex: 12

rFire   + + .      SeeInvis .   a - +0 hand axe
rCold   x . .      Faith    .   (no shield)
rNeg    . . .      Spirit   .   b - +0 animal skin
rPois   ∞          Reflect  .   (no helmet)
rElec   .          Harm     .   (no cloak)
rCorr   .          Rampage  .   (no gloves)
Will    .....                   (boots unavailable)
Stlth   +.........              (no amulet)
HPRegen 0.06/turn               (no ring)
MPRegen 0.00/turn               (no ring)

@: flying
A: sickness immunity, fire resistance 2, cold vulnerability 1, float, innate
caster, hp casting, extra vitality 1
a: Renounce Religion, Berserk


You were on level 1 of the Dungeon.
You worshipped Trog.
Trog was aware of your devotion.
You visited 1 branch of the dungeon, and saw 1 of its levels.

You collected 30 gold pieces.

Inventory:

Hand Weapons
 a - a +0 hand axe (weapon)
Armour
 b - a +0 animal skin (worn)
Scrolls
 c - a scroll of fog {unknown}
 d - a scroll of identify {unknown}


   Skills:
 + Level 3.0 Fighting
 + Level 2.4 Axes
 - Level 2.0 Armour
 - Level 2.1 Dodging


You couldn't memorise any spells.
You didn't know any spells.
Your spell library was empty.

Dungeon Overview and Level Annotations

Branches:
Dungeon (1/15)

Altars:


Innate Abilities, Weirdness & Mutations

You are immune to sickness and miasma.
You are immune to poison.
Your flesh is very heat resistant. (rF++)
You are vulnerable to cold. (rC-)
You float through the air rather than walking.
You learn spells naturally, not from books.
Your magical power is your life essence.
You have superior vitality. (+4 HP)


Message History

* * * LOW HITPOINT WARNING * * *
You see here a scroll labelled ZISAIN LEEPSAFF.
A dart slug comes into view.
The dart slug launches a dart at you. The slug dart misses you.
You see here a scroll labelled XIAPSAGHOCO QAURO.
c - a scroll labelled XIAPSAGHOCO QAURO You see here 26 bolts.
The dart slug is engulfed in blazing flames.
The dart slug dies!
You now have 30 gold pieces (gained 15).
There are no items here.
You see here a +0 short sword.
You start resting.
HP restored.
Really fly into a travel-excluded area?
You start waiting.
Done waiting.
You start waiting.
Done waiting.
You start waiting.
Done waiting.
Really fly into that cloud of flame?
Okay, then.
You are engulfed in blazing flames.
You resist.
You see here a scroll labelled ZISAIN LEEPSAFF.
d - a scroll labelled ZISAIN LEEPSAFF You are engulfed in blazing flames.
You resist.
* * * LOW HITPOINT WARNING * * *
You see here a +0 short sword.
You start resting.
HP restored.
You see here 26 bolts.
Really fly into a travel-excluded area?
You are engulfed in blazing flames.
You resist.
* * * LOW HITPOINT WARNING * * *
You are engulfed in blazing flames.
You resist.
* * * LOW HITPOINT WARNING * * *
You are engulfed in blazing flames.
You resist.
You die...

#○☼§#
#.#####...#####..
#..○○○...).§○☼.##
#...☼§..(..☼☼○...
##..§°.(...§°§.##
######...######
#§§§# #°☼☼# #○@○#
#...# ##....
######


There were no monsters in sight!

Vanquished Creatures (others)
  A dart slug (D:1)
  A frilled lizard (D:1)
2 creatures vanquished.

Notes
Turn   | Place    | Note
-------+----------+-------------------------------------------
     0 | D:1      | GordonOverkill the Djinni Berserker began the quest for the
                  | Orb.
     0 | D:1      | Reached XP level 1. HP: 20/20 MP: 0/0
   806 | D:1      | Engulfed by a cloud of flame

Illustrated notes

Levels and vault maps discovered:
D:1:      matt_arrival_spirals, layout_basic, shapermc_ecumenical_altar_venn,
          lemuel_flame_loot_1

Action                   || total
-------------------------++-------
Dodge: Dodged            ||     1

Table legend: (Time is in decaauts)
 A = Elapsed time spent in this place.
 B = Non-inter-level travel time spent in this place.
 C = Inter-level travel time spent in this place.
 D = Time resting spent in this place.
 E = Time spent auto-exploring this place.
 F = Levels seen in this place.
 G = Mean time per level.
                   A        B        C        D        E       F      G
               +--------+--------+--------+--------+--------+-----+--------+
         Total |    806 |    806 |      0 |    683 |     79 |   1 |  806.0 |
       Dungeon |    806 |    806 |      0 |    683 |     79 |   1 |  806.0 |
               +--------+--------+--------+--------+--------+-----+--------+

Top non-repeatable levels by time:
     D:1: 806 daAuts
